 Dungeon Crawl Stone Soup version 0.23.2-1-ga50397a (webtiles) character file.

Game seed: 16987898038375698914

8085 poirepourri the Thaumaturge (level 11, -5/54 HPs)
             Began as a Deep Elf Conjurer on Apr 30, 2019.
             Was a Priest of Vehumet.
             Shot with an arrow by a centaur warrior (23 damage)
             ... on level 9 of the Dungeon.
             The game lasted 00:13:45 (11212 turns).

poirepourri the Thaumaturge (Deep Elf Conjurer)    Turns: 11212, Time: 00:13:46

Health: -5/54      AC:  2    Str:  5    XL:     11   Next: 5%
Magic:  16/40      EV: 19    Int: 29    God:    Vehumet [***...]
Gold:   219        SH:  0    Dex: 15    Spells: 20/38 levels left

rFire    . . .     SeeInvis .   f - +1 dagger
rCold    . . .     Gourm    .   (no shield)
rNeg     . . .     Faith    .   a - +0 robe
rPois    .         Spirit   .   (no helmet)
rElec    .         Reflect  .   D - scarf {cloud immunity}
rCorr    .         Harm     .   (no gloves)
MR       +....                  (no boots)
Stlth    ++........             (no amulet)
HPRegen  0.18/turn              n - ring of magical power
MPRegen  0.27/turn              h - +5 ring of intelligence

@: no status effects
A: no striking features
a: Renounce Religion


You were on level 9 of the Dungeon.
You worshipped Vehumet.
Vehumet was most pleased with you.
You were not hungry.

You visited 2 branches of the dungeon, and saw 12 of its levels.

You collected 359 gold pieces.
You spent 140 gold pieces at shops.

Inventory:

Hand Weapons
 f - a +1 dagger (weapon)
Missiles
 d - 2 javelins
 z - 4 throwing nets (quivered)
Armour
 a - a +0 robe (worn)
 g - a +2 cloak
 y - the +3 scale mail of the Abyss {rF+ Int+4, unknown}
   (You found it on level 6 of the Dungeon)

   It affects your intelligence (+4).
   It protects you from fire.
 D - a scarf of cloud immunity (worn)
Magical Staves
 s - an uncursed staff of air {unknown}
 E - a cursed staff of summoning {unknown}
Jewellery
 h - a +5 ring of intelligence (right hand)
 k - an uncursed ring of protection from magic
 n - a ring of magical power (left hand)
 o - an uncursed ring of poison resistance {unknown}
 x - an uncursed ring of resist corrosion {unknown}
 B - a +4 ring of slaying {unknown}
Wands
 u - a wand of iceblast (9)
 A - a wand of enslavement (10)
Scrolls
 q - 2 scrolls of amnesia
 C - 2 scrolls of remove curse
Potions
 b - a potion of curing
 e - a potion of might
 i - 2 potions of berserk rage
 j - a potion of cancellation
 l - 2 potions of lignification
 m - 2 potions of agility
 p - a potion of flight
 t - a potion of degeneration {unknown}
 v - a potion of haste {unknown}
 w - a potion of experience {unknown}
Comestibles
 c - 8 rations


   Skills:
 - Level 0.1 Staves
 + Level 3.5 Armour
 - Level 10.8 Dodging
 - Level 2.4 Stealth
 - Level 14.2 Spellcasting
 - Level 10.1 Conjurations


You had 20 spell levels left.
You knew the following spells:

 Your Spells              Type           Power        Failure   Level  Hunger
a - Magic Dart            Conj           ####         1%          1    None
b - Searing Ray           Conj           ######       1%          2    None
c - Dazzling Spray        Conj/Hex       #####.       1%          3    None
d - Iskenderun's Mystic   Conj           ######..     1%          4    None
e - Force Lance           Conj/Tloc      #####...     1%          4    None
f - Fulminant Prism       Conj/Hex       #####.....   1%          4    None

Your spell library contained the following spells:

 Spells                   Type           Power        Failure   Level  Hunger
 Static Discharge         Conj/Air       #####...     1%          3    None
 Sting                    Conj/Pois      ####         1%          1    None
 Mephitic Cloud           Conj/Pois/Air  #####...     1%          3    None
 Venom Bolt               Conj/Pois      #####.....   2%          5    None
 Poisonous Vapours        Pois/Air       ###...       3%          2    None
 Olgreb's Toxic Radiance  Pois           ###.....     7%          4    None
 Yara's Violent Unravell  Hex/Tmut       ###.......   17%         5    None
 Cause Fear               Hex            ###.......   24%         4    None
 Silence                  Hex/Air        ###.......   56%         5    None
 Deflect Missiles         Chrm/Air       ###.......   98%         6    ####...
 Discord                  Hex            ###.......   100%        8    #######


Dungeon Overview and Level Annotations

Branches:
Dungeon (11/15)            Temple (1/1) D:5            Lair (0/6) D:11
    Orc: D:9-12

Altars:
Ashenzari
Cheibriados
Dithmenos
Elyvilon
Fedhas
Gozag
Hepliaklqana
Kikubaaqudgha
Makhleb
Nemelex Xobeh
Okawaru
Qazlal
Ru
Sif Muna
Trog
Uskayaw
Vehumet
Wu Jian
Yredelemnul
Zin
The Shining One

Shops:
D:5 %


Message History

Casting: Iskenderun's Mystic Blast (safe; 1% risk of failure)
Confirm with . or Enter, or press ? or * to list all spells.
Aiming: Iskenderun's Mystic Blast (safe; 1% risk of failure)
Press: ? - help, Shift-Dir - straight line, f/p - yak
Aim: a yak (severely wounded)
The orb of energy hits the yak!!
You kill the yak!
Vehumet accepts your kill.
You feel your power returning.
The centaur warrior wields a +0 shortbow.
The centaur warrior shoots an arrow.
The arrow hits you!!
A hippogriff comes into view.
You hear a shout!
The centaur warrior shoots an arrow.
The arrow hits you!!
* * * LOW HITPOINT WARNING * * *
You hear a screech!
You see here an arrow.
Okay, then.
You feel better.
The centaur warrior shoots an arrow.
The arrow hits you!!
You die...

....#######.........#
....#≈≈≈≈##.........##
....'.)..##...........
....#†#..##.........#
....#######.........#
†....# #.........#
.....######.........#
....................##.#YH
................@.(....cZZ
######################.#Ya


You could see a centaur warrior.

Vanquished Creatures
  Harold (D:7)
  A hydra (D:11)
  2 two-headed ogres (D:10)
  An unseen horror (D:10)
  A gargoyle (D:11)
  A merfolk (D:9)
  A hornet (D:11)
  Prince Ribbit (D:7)
  A yak (D:9)
  A hungry ghost (D:7)
  A black bear (D:10)
  3 orc warriors
  2 phantoms
  2 sky beasts
  3 ice beasts
  2 ogres
  A centaur (D:6)
  2 big kobolds
  A crocodile (D:11)
  5 bullfrogs
  A wyvern skeleton (D:6)
  A scorpion (D:8)
  9 killer bees (D:11)
  2 howler monkeys (D:4)
  A lava snake (D:8)
  2 crimson imps
  3 bullfrog zombies
  2 centaur skeletons (D:5)
  5 hounds
  3 jellies
  4 orc wizards
  6 orc priests
  3 iguanas
  4 worker ants
  2 hound skeletons (D:4)
  Robin (D:3)
  4 gnolls (D:7)
  11 adders
  A shadow imp (D:5)
  2 oozes
  An adder skeleton (D:4)
  2 adder zombies (D:6)
  4 worms
  6 dart slugs
  9 leopard geckos
  26 orcs
  12 giant cockroaches
  16 goblins
  10 hobgoblins
  2 jackals (D:1)
  3 quokkas
  A ball python (D:4)
  5 bats
  5 frilled lizards
  17 kobolds
  A leopard gecko skeleton (D:5)
  11 rats
231 creatures vanquished.

Vanquished Creatures (others)
  4 fulminant prisms
4 creatures vanquished.

Grand Total: 235 creatures vanquished

Notes
Turn   | Place    | Note
-------+----------+-------------------------------------------
     0 | D:1      | poirepourri the Deep Elf Conjurer began the quest for the
                  | Orb.
     0 | D:1      | Reached XP level 1. HP: 10/10 MP: 6/6
   447 | D:1      | Reached skill level 4 in Spellcasting
   447 | D:1      | Reached XP level 2. HP: 12/15 MP: 1/9
   536 | D:1      | Learned a level 2 spell: Searing Ray
  1164 | D:2      | Reached skill level 5 in Spellcasting
  1164 | D:2      | Reached XP level 3. HP: 19/19 MP: 5/11
  1346 | D:2      | Learned a level 3 spell: Dazzling Spray
  1470 | D:2      | Reached XP level 4. HP: 24/24 MP: 6/13
  1514 | D:2      | Reached skill level 6 in Spellcasting
  1738 | D:2      | Learned a level 4 spell: Iskenderun's Mystic Blast
  2353 | D:3      | Noticed Robin
  2451 | D:3      | Killed Robin
  2451 | D:3      | Reached skill level 7 in Spellcasting
  2587 | D:3      | Reached XP level 5. HP: 27/28 MP: 1/16
  2706 | D:3      | Found a blossoming altar of Fedhas.
  2933 | D:3      | Learned a level 4 spell: Force Lance
  2938 | D:3      | Learned a level 4 spell: Fulminant Prism
  3339 | D:4      | Reached skill level 8 in Spellcasting
  3510 | D:4      | Reached XP level 6. HP: 32/32 MP: 13/19
  3699 | D:4      | Reached skill level 9 in Spellcasting
  4203 | D:4      | Reached skill level 5 in Conjurations
  4337 | D:5      | Entered Level 5 of the Dungeon
  4352 | D:5      | Found a staircase to the Ecumenical Temple.
  4368 | Temple   | Entered the Ecumenical Temple
  4407 | Temple   | Became a worshipper of Vehumet
  4703 | D:5      | Reached XP level 7. HP: 14/36 MP: 20/21
  5104 | D:5      | Found Hyarymm's Food Emporium.
  5108 | D:5      | Bought a ration for 70 gold pieces
  5108 | D:5      | Bought a ration for 70 gold pieces
  5931 | D:6      | Reached XP level 8. HP: 41/41 MP: 19/23
  5960 | D:6      | Reached * piety under Vehumet
  5960 | D:6      | Offered knowledge of Freeze by Vehumet.
  6919 | D:6      | Reached skill level 10 in Conjurations
  7186 | D:6      | Got a spiked scale mail
  7245 | D:7      | Reached skill level 10 in Spellcasting
  7273 | D:7      | Found a snail-covered altar of Cheibriados.
  7628 | D:7      | Noticed Prince Ribbit
  7634 | D:7      | Killed Prince Ribbit
  7634 | D:7      | Reached skill level 11 in Spellcasting
  7634 | D:7      | Reached XP level 9. HP: 45/45 MP: 23/26
  8124 | D:7      | Noticed Harold
  8135 | D:7      | Killed Harold
  8135 | D:7      | Reached skill level 12 in Spellcasting
  8433 | D:8      | Reached skill level 13 in Spellcasting
  8795 | D:8      | Reached ** piety under Vehumet
  8927 | D:8      | Offered knowledge of Sandblast by Vehumet.
  8927 | D:8      | Reached skill level 14 in Spellcasting
  9249 | D:8      | You fall through a shaft for 3 floors!
  9333 | D:11     | Reached XP level 10. HP: 33/50 MP: 4/30
  9626 | D:11     | Noticed a gargoyle
  9628 | D:11     | Killed a gargoyle
  9628 | D:11     | Reached skill level 5 in Dodging
 10080 | D:11     | Found a staircase to the Lair.
 10097 | D:11     | Noticed a five-headed hydra
 10101 | D:11     | Killed a five-headed hydra
 10341 | D:11     | Noticed a cyan ugly thing
 10566 | D:10     | Entered Level 10 of the Dungeon
 10598 | D:10     | Killed an unseen horror
 10603 | D:10     | Offered knowledge of Static Discharge by Vehumet.
 10684 | D:10     | Noticed a two-headed ogre
 10689 | D:10     | Killed a two-headed ogre
 10689 | D:10     | Reached skill level 10 in Dodging
 10950 | D:10     | Noticed a two-headed ogre
 10956 | D:10     | Killed a two-headed ogre
 11141 | D:10     | Reached *** piety under Vehumet
 11146 | D:10     | Reached XP level 11. HP: 54/54 MP: 20/31
 11207 | D:9      | Noticed a centaur warrior
 11212 | D:9      | Shot with an arrow by a centaur warrior

Skill      XL: |  1  2  3  4  5  6  7  8  9 10 |
---------------+-------------------------------+-----
Spellcasting   | 4 5 7 8 9 11 14 | 14.2
Conjurations   | 6 8 10 | 10.1
Dodging        | 4 10 | 10.8
Armour         | 3 |  3.5
Staves         | |  0.1
Stealth        | |  2.4

Action                   |  1- 3 |  4- 6 |  7- 9 | 10-12 || total
-------------------------+-------+-------+-------+-------++-------
Melee: Dagger            |       |    18 |    31 |       ||    49
 Cast: Magic Dart        |    74 |    55 |    28 |     5 ||   162
       Searing Ray       |       |    49 |    35 |       ||    84
       Iskenderun's Myst |       |     9 |    76 |    67 ||   152
       Force Lance       |       |       |     2 |     1 ||     3
       Fulminant Prism   |       |       |     3 |     1 ||     4
  Use: Scroll            |     5 |     5 |     6 |     3 ||    19
       Potion            |       |     2 |     5 |     3 ||    10
  Eat: Ration            |     1 |     3 |     4 |     2 ||    10
Armor: Robe              |       |    17 |    17 |       ||    34
       Skin              |       |       |    16 |       ||    16
Dodge: Dodged            |     2 |    60 |    54 |    13 ||   129
